 Dungeon Crawl Stone Soup version 0.21-a0-496-g696f58f (webtiles) character file.

347 Shard1697 the Sneak (level 6, -8/45 HPs)
             Began as an Octopode Monk on Nov 24, 2017.
             Mangled by an ogre
             ... wielding a +0 giant club
              (31 damage)
             ... on level 4 of the Dungeon.
             The game lasted 00:04:11 (3823 turns).

Shard1697 the Sneak (Octopode Monk)                 Turns: 3823, Time: 00:04:12

Health: -8/45      AC:  1    Str: 11    XL:     6   Next: 59%
Magic:  6/6        EV: 13    Int: 14    God:
Gold:   171        SH:  0    Dex: 14    Spells: 5/5 levels left

rFire    . . .     SeeInvis .   r - +0 quarterstaff
rCold    . . .     Gourm    .   (shield currently unavailable)
rNeg     . . .     Faith    +   (helmet restricted)
rPois    .         Spirit   .   t - amulet of faith
rElec    .         Reflect  .   (no ring)
rCorr    .         Harm     .   (no ring)
MR       .....                  (no ring)
Stlth    ++++......             (no ring)
HPRegen  0.15/turn              (no ring)
MPRegen  0.10/turn              (no ring)
                                (no ring)
                                (no ring)

@: heavily drained
A: almost no armour, stealthy swim, amphibious, 8 rings, constrict 8, camouflage
1, gelatinous body 1
a: no special abilities


You were on level 4 of the Dungeon.
You were not hungry.

You visited 1 branch of the dungeon, and saw 4 of its levels.

You collected 171 gold pieces.

Inventory:

Hand Weapons
 a - a +0 morningstar
 r - a +0 quarterstaff (weapon)
Jewellery
 t - an amulet of faith (around mantle)
Wands
 o - a wand of enslavement (10)
Scrolls
 d - a scroll of remove curse
 e - a scroll of identify
 h - a scroll of magic mapping
 i - 2 scrolls of fog
 j - a scroll of teleportation {unknown}
 l - a scroll of amnesia
 n - a scroll of enchant weapon {unknown}
 s - a scroll of immolation {unknown}
Potions
 g - 2 potions of heal wounds
 k - 2 potions of curing
 m - a potion of degeneration {unknown}
 q - a potion of haste {unknown}
Comestibles
 b - 2 bread rations
 c - 4 meat rations
 f - a royal jelly


   Skills:
 + Level 5.5(3.8) Fighting
 - Level 3.0(1.4) Maces & Flails
 - Level 3.0(1.4) Dodging
 + Level 7.0(5.2) Stealth


You had 5 spell levels left.
You didn't know any spells.

Dungeon Overview and Level Annotations

Branches:
Dungeon (4/15)
 Temple: D:4-7

Altars:
Qazlal
Ru

Annotations:
D:4 exclusion: ogre


Innate Abilities, Weirdness & Mutations

You cannot wear most types of armour.
You are very stealthy in the water. (Stealth+)
You are amphibious.
You can wear up to eight rings at the same time.
You can use your tentacles to constrict eight enemies at once.
Your skin changes colour to match your surroundings (Stealth+).
Your rubbery body absorbs attacks. (AC +1, EV +1)


Message History

No target in view!
No target in view!
No target in view!
No target in view!
No target in view!
No target in view!
Really walk into a travel-excluded area?
The helpless ogre fails to defend itself.
You hit the ogre.
The ogre is lightly wounded.
The ogre barely misses you.
You sock the ogre!
The ogre is heavily wounded.
The ogre hits you with a giant club!!
Ouch! That really hurt!
You hit the ogre.
The ogre is severely wounded.
The ogre hits you with a giant club!!
Ouch! That really hurt!
You die...

..##...#....#...#
..#.>..#..>.#####
..#....#........#
..####"#........#
..##...#.......?+
####...#........########
..##...#####............
..#........#.......[....
..#........#####@.......
..##...........#O.......
..##############........
..# ............. ..#
......+######## ..#
..#........#
..###############........#
.......##..##..##....##..#
...............##..(.##..#


You could see an ogre.

Vanquished Creatures
  An ogre (D:4)
  2 orc wizards
  An orc priest (D:3)
  6 adders
  An ooze (D:1)
  4 worms
  3 dart slugs
  3 leopard geckos
  6 orcs
  8 bats
  8 giant cockroaches
  10 goblins
  6 hobgoblins
  8 jackals
  5 kobolds (D:2)
  5 frilled lizards
  A leopard gecko skeleton (D:4)
  13 rats
91 creatures vanquished.

Notes
Turn   | Place    | Note
-------+----------+-------------------------------------------
     0 | D:1      | Shard1697 the Octopode Monk began the quest for the Orb.
     0 | D:1      | Reached XP level 1. HP: 16/16 MP: 1/1
    89 | D:1      | Reached skill level 3 in Stealth
   199 | D:1      | Reached XP level 2. HP: 21/21 MP: 2/2
   534 | D:1      | Reached XP level 3. HP: 26/26 MP: 3/3
   536 | D:1      | Reached skill level 4 in Stealth
  1362 | D:2      | Reached XP level 4. HP: 27/33 MP: 4/4
  2219 | D:2      | Reached skill level 5 in Stealth
  2400 | D:3      | Reached XP level 5. HP: 26/38 MP: 5/5
  2724 | D:3      | Reached skill level 6 in Stealth
  2727 | D:3      | Found a stormy altar of Qazlal.
  3048 | D:4      | Reached skill level 5 in Fighting
  3048 | D:4      | Reached XP level 6. HP: 26/45 MP: 6/6
  3377 | D:4      | Reached skill level 7 in Stealth
  3607 | D:4      | Found a sacrificial altar of Ru.
  3823 | D:4      | Mangled by an ogre

Vault maps used:
D:1:      doesnt_arrival_eight_statues
D:3:      nicolae_overflow_crystal_walls, first_bread
D:4:      lemuel_blue_sif_altar, lemuel_round_altar

Skill      XL: |  1  2  3  4  5  6 |
---------------+-------------------+-----
Stealth        | 3 4 5 6 7 |  7.0
Fighting       | 4 5 |  5.5
Maces & Flails | |  3.0
Dodging        | |  3.0

Action                   |  1- 3 |  4- 6 || total
-------------------------+-------+-------++-------
Melee: Mace              |    66 |    26 ||    92
       Constrict         |    22 |    33 ||    55
       Tentacles         |    12 |    18 ||    30
       Morningstar       |       |    62 ||    62
       Quarterstaff      |       |     8 ||     8
  Use: Scroll            |       |     6 ||     6
 Stab: Sleeping          |     8 |    14 ||    22
  Eat: Chunk             |     1 |     8 ||     9
Armor: Skin              |     2 |     6 ||     8
Dodge: Dodged            |    45 |    51 ||    96

Table legend:
 A = Spawn XP
 B = Non-spawn XP
 C = Spawn XP percentage of total XP
 D = Spawn monster count
 E = Non-spawn monster count
 F = Spawn count percentage of total count
 G = Total turns spent on level
                    A         B        C        D         E        F      G
               +---------+---------+-------+---------+---------+-------+---------
         Total |       0 |     496 |   0.0 |       0 |      91 |   0.0 |  3823
               +---------+---------+-------+---------+---------+-------+---------
           D:1 |       0 |      41 |   0.0 |       0 |      21 |   0.0 |   903
           D:2 |       0 |      80 |   0.0 |       0 |      29 |   0.0 |  1617
           D:3 |       0 |     172 |   0.0 |       0 |      27 |   0.0 |   538
           D:4 |       0 |     203 |   0.0 |       0 |      14 |   0.0 |   765
               +---------+---------+-------+---------+---------+-------+---------
